 Dungeon Sprint DCSS version 0.20-a0-876-g2c7b0bf (webtiles) character file.

82552 esc the Imperceptible (level 14, -9/115 HPs)
             Began as a Spriggan Enchanter on Mar 15, 2017.
             Was the Champion of Dithmenos.
             Mangled by Sojobo (10 damage)
             ... in the Dungeon (Sprint III: "The Ten Rune Challenge").
             The game lasted 00:40:19 (4680 turns).

esc the Imperceptible (Spriggan Enchanter)          Turns: 4680, Time: 00:40:20

Health: -9/115     AC:  7    Str:  9    XL:     14   Next: 35%
Magic:  29/33      EV: 35    Int: 18    God:    Dithmenos [******]
Gold:   276        SH:  0    Dex: 20    Spells: 23/42 levels left

rFire    . . .     SeeInvis +     - Unarmed
rCold    . . .     Gourm    .   y - +2 robe {Archmagi}
rNeg     . . .     Faith    .   (shield currently unavailable)
rPois    .         Spirit   .   b - +2 hat
rElec    .         Reflect  .   B - +0 cloak
rCorr    .         Harm     .   (gloves unavailable)
MR       ++...     NoTele   +   (boots unavailable)
Stlth    ..........             (no amulet)
Regen    0.3/turn               (no ring)
MPRegen  0.3/turn               (no ring)

@: berserking, blade hands, wreathed by umbra, very quick
A: unfitting armour, see invisible, herbivore 3, speed 3, frail 1, slow
metabolism 2
}: 2/10 runes: decaying, barnacled
a: End Transformation, Shadow Step, Shadow Form, Renounce Religion


You were in the Dungeon.
You worshipped Dithmenos.
Dithmenos was exalted by your worship.
You were not hungry.
You had blades for hands.
You visited 1 branch You collected 1630 gold pieces.
You spent 1354 gold pieces at shops.

Inventory:

Hand Weapons
 w - a +0 blowgun
   (You took it off Duvessa in the Dungeon)
 A - the +8 rapier "Undertaker" (melded) {elec, Int+3}
   (You found it in the Dungeon)

   Occasionally, upon striking a foe, it will discharge some electrical energy
   and cause terrible harm.
   It affects your intelligence (+3).
Missiles
 v - 7 curare-tipped needles
Armour
 a - +0 fire dragon scales
   (You found it in the Dungeon)
 b - a +2 hat (worn)
   (You took it off Gastronok in the Dungeon)
 t - a +2 robe of positive energy
   (You took it off Josephine in the Dungeon)
 y - a +2 robe of the Archmagi (worn)
   (You found it in the Dungeon)
 B - a +0 cloak (worn)
   (You found it in the Dungeon)
Wands
 x - a wand of disintegration (8/24)
   (You found it in the Dungeon)
Scrolls
 j - 8 scrolls of identify
 k - 2 scrolls of holy word {!r}
 m - 4 scrolls of remove curse
 o - a scroll of enchant weapon
Potions
 e - a potion of curing
 f - a potion of heal wounds
 g - 3 potions of haste
 h - a potion of magic
 i - a potion of berserk rage {!q}
 n - 6 potions of mutation {!q}
 q - a potion of flight
 s - a potion of might
 z - 2 potions of cancellation
Books
 c - a book of Maledictions
 r - a book of Cantrips
   (You found it in the Dungeon)
 u - a book of Changes
   (You bought it in a shop in the Dungeon)
Comestibles
 d - 2 bread rations {@e1}
 l - 2 fruits
 p - 26 royal jellies


   Skills:
 + Level 15.8 Fighting
 - Level 10.8 Short Blades
 + Level 18.8 Dodging
 - Level 25.1 Stealth
 + Level 14.5 Unarmed Combat
 - Level 14.6 Spellcasting
 + Level 19.2 Hexes
 - Level 9.9 Transmutations


You had 23 spell levels left.
You knew the following spells:

 Your Spells              Type           Power        Failure   Level  Hunger
a - Ensorcelled Hibernat  Hex/Ice        ######       10%         2    None
b - Tukima's Dance        Hex            #######.     3%          3    None
c - Confuse               Hex            #######.     3%          3    None
d - Dazzling Spray        Conj/Hex       ######       12%         3    None
g - Apportation           Tloc           ###...       36%         1    None
v - Corona                Hex            #######      3%          1    None
x - Blade Hands           Tmut           ######....   24%         5    ####...
A - Animate Skeleton      Necr           N/A          36%         1    None


Dungeon Overview and Level Annotations

Branches:
Dungeon (1/1)

Altars:
Dithmenos
Elyvilon
Kikubaaqudgha
Okawaru
Ru
Sif Muna
Trog
Uskayaw
Vehumet
Wu Jian
Yredelemnul
Zin
The Shining One
Beogh

Shops:
D }%(?(}:

Annotations:
D exclusion: orange crystal statue, Sojobo


Innate Abilities, Weirdness & Mutations

You are very small and have problems with some larger weapons.
You are too small for most types of armour.
You have supernaturally acute eyesight. (SInv)
You are a herbivore.
You cover ground extremely quickly.
You need consume almost no food.
You are frail. (-10% HP)


Message History

There is an open door here.
You start resting.
MP restored: 33
There is an open door here.
Wield which item (- for none, * to show all)? (? for menu, Esc to quit)
You hear the crackle of electricity.
A - the +8 rapier "Undertaker" (weapon)
{elec, Int+3}
Aim: a red ugly thing (grey smoke, hasn't noticed you, umbra, chance to defeat MR: 55%)
You feel a surge of power!
The red ugly thing gurgles horribly!
The red ugly thing resists with some effort.
Your shadow mimicks your spell!
The red ugly thing easily resists.
The red ugly thing completely misses you.
You now have 31/33 mp.
Aim: a red ugly thing (grey smoke, umbra, chance to defeat MR: 55%)
You feel a surge of power!
The red ugly thing looks drowsy...
Your shadow mimicks your spell!
The red ugly thing is unaffected.
You now have 29/33 mp.
The helpless red ugly thing fails to defend itself.
You stick the red ugly thing like a pincushion!!!!!
You kill the red ugly thing!
Dithmenos accepts your kill.
Dithmenos appreciates your extinguishing a source of fire.
You start resting.
You regained 2 mp, and now have 31/33 mp.
Aim: Sojobo, wearing a glowing large shield (grey smoke, deflecting missiles, hasn't noticed you, umbra, chance to defeat MR: 4%)
Okay, then.
Okay, then.
Sojobo blocks your attack.
Your shadow closely misses Sojobo.
Sojobo shouts!
Sojobo barely misses you. Sojobo closely misses you. Sojobo claws you!
You take 7 damage, and have 70/77 hp.
You feel a surge of power!
Your hands turn into razor-sharp scythe blades.
The +8 rapier "Undertaker" {elec, Int+3} melds into your body.
The +8 rapier "Undertaker" {elec, Int+3} stops crackling.
Sojobo completely misses you. Sojobo pecks you! Sojobo barely misses you.
You take 7 damage, and have 63/77 hp.
You now have 27/33 mp.
You slice Sojobo!! You slash Sojobo! Your slash misses Sojobo.
Sojobo blocks your shadow's attack.
Sojobo mumbles some strange words.
You slice Sojobo!!
The air elemental disappears in a puff of smoke!
The air elemental closely misses you.
The air elemental completely misses you.
Sojobo barely misses you. Sojobo completely misses you. x2
Sojobo blocks your attack.
Your shadow hits Sojobo.
The air elemental completely misses you. x2
The air elemental hits you! The air elemental misses you. Sojobo hits you.
Sojobo pecks you but does no damage. Sojobo claws you.
You emit a cloud of dark smoke.
You take 19 damage, and have 45/77 hp.
MASSIVE DAMAGE!!
Sojobo blocks your attack.
Your slash misses Sojobo.
The air elemental completely misses you. x2
The air elemental hits you but does no damage.
The air elemental misses you.
You hit Sojobo. The air elemental barely misses you.
The air elemental completely misses you.
Sojobo hits you! Sojobo pecks you. Sojobo claws you!
* * * LOW HITPOINT WARNING * * *
You emit a cloud of dark smoke.
The air elemental completely misses you.
You take 24 damage, and have 21/77 hp.
MASSIVE DAMAGE!!
You feel much better. The air elemental closely misses you.
The air elemental completely misses you.
The air elemental barely misses you.
The air elemental completely misses you.
Sojobo closely misses you. Sojobo pecks you but does no damage.
Sojobo claws you but does no damage.
The air elemental completely misses you.
You regained 22 hp, and now have 43/77 hp.
Sojobo blocks your attack.
Your shadow closely misses Sojobo.
The air elemental closely misses you.
The air elemental completely misses you.
The air elemental barely misses you. Sojobo hits you!! Sojobo misses you.
Sojobo claws you.
The air elemental completely misses you.
You take 19 damage, and have 24/77 hp.
MASSIVE DAMAGE!!
Really quaff
i - 2 potions of berserk rage {!q}?
A red film seems to cover your vision as you go berserk!
You feel yourself moving faster!
You feel mighty!
The air elemental completely misses you. x3
The air elemental closely misses you. Sojobo hits you!!
* * * LOW HITPOINT WARNING * * *
Sojobo completely misses you. Sojobo claws you but does no damage.
You now have 10/115 hp.
Sojobo blocks your attack.
The air elemental completely misses you.
The air elemental misses you.
The air elemental completely misses you.
Sojobo blocks your attack.
Your shadow hits Sojobo. The air elemental hits you!
* * * LOW HITPOINT WARNING * * *
The air elemental closely misses you. Sojobo hits you but does no damage.
Sojobo pecks you!
You die...

.# .# .#
###+#################
#.#.#.#.#[..§.§.≈.#
##.u.#.##≈≈≈§§§≈≈≈#
#.#.#.#.#...§§§§§.#
#..#...##)..§EE§§.#
≈≈#..†#...'..†EQ@§§.#
≈ ################§##
≈§#)..#...#(.#..§§..#
≈≈#...#...#..#..PPP.#
§≈##'###'##..#....P.#
###.......'.())..PP.#
#.#.#####.####......#
..'.#(..'.#).#......#
..#######.'..#......#


You could see Sojobo and 3 air elementals.

Vanquished Creatures
  the Lernaean hydra (D)
  Rupert (D)
  Gastronok (D)
  A kraken (D)
  Chuck (D)
  Dowan (D)
  4 azure jellies (D)
  2 dire elephants (D)
  A fire dragon (D)
  Josephine (D)
  3 yaktaur captains (D)
  3 hydras (D)
  3 centaur warriors (D)
  An alligator snapping turtle (D)
  4 death yaks (D)
  3 orc high priests (D)
  Urug (D)
  4 dancing weapons (D)
  A death drake (D)
  2 swamp dragons (D)
  2 unseen horrors (D)
  A lindwurm (D)
  A sea snake (shapeshifter) (D)
  An orc knight (D)
  6 deep elf magi (D)
  2 elephants (D)
  5 ugly things (D)
  2 black mambas (D)
  2 spiny frogs (D)
  Duvessa (D)
  A rime drake (D)
  A yaktaur (D)
  A komodo dragon (D)
  3 wandering mushrooms (D)
  A merfolk (shapeshifter) (D)
  A queen bee (D)
  4 spriggan defenders (D)
  2 tyrant leeches (D)
  8 blink frogs (D)
  5 snapping turtles (D)
  3 slime creatures (D)
  A snapping turtle (shapeshifter) (D)
  A slime creature (shapeshifter) (D)
  3 redbacks (D)
  A shadow (D)
  A floating eye (D)
  3 swamp drakes (D)
  6 orc warriors (D)
  A necrophage (D)
  2 centaurs (D)
  An earth elemental (D)
  A water elemental (D)
  32 killer bees (D)
  An electric eel (D)
  7 orc priests (D)
  A wizard (D)
  A jelly (D)
  Jessica (D)
  A necromancer (D)
  2 orc wizards (D)
  3 humans (D)
  A kobold demonologist (D)
  2 oozes (D)
  A phantom (D)
  3 orcs (D)
  A fungus (D)
  3 plants (D)
173 creatures vanquished.

Vanquished Creatures (others)
  2 draconian scorchers (D)
  A dancing weapon (D)
  6 hellions (D)
  3 yaktaurs (D)
  2 bushes (D)
  4 plants (D)
  5 tentacles (D)
23 creatures vanquished.

Grand Total: 196 creatures vanquished

Notes
Turn   | Place    | Note
-------+----------+-------------------------------------------
     0 | D        | esc the Spriggan Enchanter began the quest for the Orb.
     0 | D        | Reached XP level 1. HP: 9/9 MP: 5/5
    19 | D        | Reached skill level 3 in Spellcasting
    84 | D        | Killed a hellion
    85 | D        | Killed a hellion
   106 | D        | Reached skill level 1 in Fighting
   106 | D        | Reached skill level 2 in Short Blades
   106 | D        | Reached skill level 4 in Dodging
   106 | D        | Reached skill level 5 in Stealth
   106 | D        | Reached skill level 4 in Hexes
   106 | D        | Reached XP level 2. HP: 14/14 MP: 7/7
   116 | D        | Noticed Jessica
   120 | D        | HP: 3/14 [Jessica/nerve-wracking pain (11)]
   135 | D        | Killed a hellion
   135 | D        | Killed a hellion
   136 | D        | Killed a hellion
   137 | D        | Learned a level 2 spell: Ensorcelled Hibernation
   163 | D        | Killed a hellion
   187 | D        | Killed a white draconian scorcher
   195 | D        | Killed a white draconian scorcher
   338 | D        | Killed a yaktaur
   412 | D        | Killed Jessica
   412 | D        | Reached skill level 6 in Stealth
   412 | D        | Reached XP level 3. HP: 18/18 MP: 3/9
   470 | D        | Learned a level 3 spell: Confuse
   474 | D        | Learned a level 3 spell: Tukima's Dance
   492 | D        | Reached skill level 2 in Fighting
   492 | D        | Reached skill level 3 in Short Blades
   492 | D        | Reached skill level 5 in Dodging
   492 | D        | Reached skill level 4 in Spellcasting
   492 | D        | Reached skill level 5 in Hexes
   634 | D        | Noticed a water elemental
   637 | D        | Killed a water elemental
   637 | D        | Reached skill level 3 in Fighting
   637 | D        | Reached skill level 4 in Short Blades
   637 | D        | Reached skill level 6 in Dodging
   637 | D        | Reached skill level 7 in Stealth
   637 | D        | Reached skill level 5 in Spellcasting
   637 | D        | Reached XP level 4. HP: 24/24 MP: 10/12
   661 | D        | Found a basalt altar of Yredelemnul.
   661 | D        | Found a shadowy altar of Dithmenos.
   661 | D        | Found a sacrificial altar of Ru.
   661 | D        | Noticed a necrophage
   678 | D        | Killed a necrophage
   678 | D        | Reached skill level 5 in Short Blades
   678 | D        | Reached skill level 7 in Dodging
   678 | D        | Reached skill level 8 in Stealth
   678 | D        | Reached skill level 6 in Spellcasting
   678 | D        | Reached skill level 6 in Hexes
   678 | D        | Reached XP level 5. HP: 18/27 MP: 1/14
   686 | D        | Became a worshipper of Dithmenos the Shadowed
   876 | D        | Found a glowing silver altar of Zin.
   876 | D        | Found a glowing golden altar of the Shining One.
   876 | D        | Found a white marble altar of Elyvilon.
   876 | D        | Noticed a deep elf mage
   892 | D        | Killed a deep elf mage
   892 | D        | Reached skill level 5 in Fighting
   892 | D        | Reached skill level 7 in Short Blades
   892 | D        | Reached skill level 9 in Dodging
   892 | D        | Reached skill level 10 in Stealth
   892 | D        | Reached skill level 8 in Spellcasting
   892 | D        | Reached skill level 8 in Hexes
   892 | D        | Reached XP level 6. HP: 20/33 MP: 13/18
   892 | D        | Reached XP level 7. HP: 22/37 MP: 13/19
  1022 | D        | Found a radiant altar of Vehumet.
  1023 | D        | Found a deep blue altar of Sif Muna.
  1023 | D        | Found an ancient bone altar of Kikubaaqudgha.
  1024 | D        | Reached * piety under Dithmenos
  1024 | D        | Reached skill level 11 in Stealth
  1037 | D        | Learned a level 3 spell: Dazzling Spray
  1039 | D        | Learned a level 1 spell: Apportation
  1041 | D        | Learned a level 1 spell: Animate Skeleton
  1046 | D        | Found a hide-covered altar of Uskayaw.
  1046 | D        | Found a roughly hewn altar of Beogh.
  1046 | D        | Found an iron altar of Okawaru.
  1046 | D        | Found a bloodstained altar of Trog.
  1046 | D        | Found an ornate altar of the Wu Jian Council.
  1046 | D        | Noticed a human
  1046 | D        | Noticed a human
  1049 | D        | Killed a human
  1049 | D        | Reached skill level 10 in Dodging
  1049 | D        | Reached skill level 9 in Hexes
  1050 | D        | Killed a human
  1050 | D        | Reached ** piety under Dithmenos
  1066 | D        | Noticed a shadow
  1068 | D        | Killed a shadow
  1068 | D        | Reached skill level 6 in Fighting
  1068 | D        | Reached skill level 8 in Short Blades
  1068 | D        | Reached skill level 9 in Spellcasting
  1068 | D        | Reached XP level 8. HP: 42/42 MP: 22/22
  1071 | D        | Reached skill level 12 in Stealth
  1088 | D        | Noticed Josephine
  1090 | D        | Killed Josephine
  1090 | D        | Reached skill level 9 in Short Blades
  1090 | D        | Reached skill level 11 in Dodging
  1090 | D        | Reached skill level 13 in Stealth
  1090 | D        | Reached skill level 10 in Spellcasting
  1090 | D        | Reached skill level 10 in Hexes
  1112 | D        | Reached *** piety under Dithmenos
  1117 | D        | Noticed a centaur warrior
  1128 | D        | Killed a centaur warrior
  1128 | D        | Reached skill level 7 in Fighting
  1128 | D        | Reached skill level 12 in Dodging
  1128 | D        | Reached skill level 11 in Hexes
  1128 | D        | Reached XP level 9. HP: 37/48 MP: 15/24
  1134 | D        | Reached skill level 14 in Stealth
  1134 | D        | Reached skill level 11 in Spellcasting
  1223 | D        | Noticed an orc knight
  1223 | D        | Noticed an orc high priest
  1223 | D        | Found Qeoqigoschu's Book Shoppe.
  1250 | D        | Reached **** piety under Dithmenos
  1255 | D        | Killed an orc knight
  1255 | D        | Reached skill level 10 in Short Blades
  1255 | D        | Reached skill level 13 in Dodging
  1265 | D        | Reached skill level 8 in Fighting
  1268 | D        | Reached ***** piety under Dithmenos
  1324 | D        | Reached XP level 10. HP: 54/54 MP: 10/26
  1385 | D        | Killed an orc high priest
  1385 | D        | Reached ****** piety under Dithmenos
  1385 | D        | Reached skill level 15 in Stealth
  1385 | D        | Reached skill level 12 in Hexes
  1458 | D        | Reached skill level 12 in Spellcasting
  1503 | D        | Bought a manual of Stealth for 1104 gold pieces
  1503 | D        | Bought a book of Changes for 250 gold pieces
  1509 | D        | Learned a level 5 spell: Blade Hands
  1544 | D        | Noticed an unseen horror
  1544 | D        | Noticed an unseen horror
  1545 | D        | Killed an unseen horror
  1545 | D        | Reached skill level 16 in Stealth
  1545 | D        | Reached skill level 3 in Transmutations
  1547 | D        | Killed an unseen horror
  1547 | D        | Reached skill level 17 in Stealth
  1547 | D        | Reached skill level 5 in Transmutations
  1564 | D        | Noticed Dowan
  1564 | D        | Noticed Duvessa
  1568 | D        | Killed Duvessa
  1570 | D        | Killed Dowan
  1570 | D        | Reached skill level 19 in Stealth
  1570 | D        | Reached skill level 13 in Spellcasting
  1570 | D        | Reached skill level 8 in Transmutations
  1660 | D        | Reached skill level 14 in Spellcasting
  1676 | D        | Reached skill level 9 in Transmutations
  1683 | D        | Reached XP level 11. HP: 58/58 MP: 16/30
  1694 | D        | Reached skill level 20 in Stealth
  1857 | D        | Reached skill level 1 in Unarmed Combat
  1997 | D        | Reached skill level 2 in Unarmed Combat
  1998 | D        | Reached skill level 3 in Unarmed Combat
  2000 | D        | Reached skill level 4 in Unarmed Combat
  2061 | D        | Reached skill level 14 in Dodging
  2061 | D        | Reached skill level 21 in Stealth
  2065 | D        | Reached skill level 9 in Fighting
  2065 | D        | Reached skill level 5 in Unarmed Combat
  2107 | D        | Reached skill level 22 in Stealth
  2213 | D        | Noticed a dire elephant
  2213 | D        | Noticed a dire elephant
  2213 | D        | Noticed Gastronok
  2214 | D        | Reached skill level 15 in Dodging
  2215 | D        | Reached skill level 6 in Unarmed Combat
  2217 | D        | Killed a dire elephant
  2218 | D        | Killed a dire elephant
  2218 | D        | Reached skill level 10 in Fighting
  2218 | D        | Reached skill level 23 in Stealth
  2220 | D        | Killed Gastronok
  2220 | D        | Reached skill level 16 in Dodging
  2220 | D        | Reached skill level 7 in Unarmed Combat
  2220 | D        | Reached XP level 12. HP: 66/66 MP: 23/31
  2260 | D        | Noticed an azure jelly
  2260 | D        | Noticed an azure jelly
  2260 | D        | Noticed an azure jelly
  2261 | D        | Noticed an azure jelly
  2265 | D        | Killed an azure jelly
  2266 | D        | Killed an azure jelly
  2266 | D        | Reached skill level 11 in Fighting
  2266 | D        | Reached skill level 17 in Dodging
  2266 | D        | Reached skill level 8 in Unarmed Combat
  2282 | D        | HP: 16/68 [azure jelly (44)]
  2393 | D        | Killed an azure jelly
  2393 | D        | Reached skill level 24 in Stealth
  2533 | D        | Reached skill level 9 in Unarmed Combat
  2541 | D        | Noticed Urug
  2543 | D        | Killed Urug
  2576 | D        | Killed an azure jelly
  2590 | D        | Noticed Rupert
  2592 | D        | Killed Rupert
  2592 | D        | Reached skill level 12 in Fighting
  2592 | D        | Reached skill level 25 in Stealth
  2592 | D        | Reached skill level 10 in Unarmed Combat
  2592 | D        | Reached skill level 13 in Hexes
  2614 | D        | Noticed a death yak
  2618 | D        | Noticed a death yak
  2618 | D        | Noticed a death yak
  2618 | D        | Noticed a death yak
  2619 | D        | Killed a death yak
  2620 | D        | Killed a death yak
  2621 | D        | Reached XP level 13. HP: 74/74 MP: 16/32
  2625 | D        | Reached skill level 14 in Hexes
  2730 | D        | Found Fuon's Gadget Shoppe.
  2730 | D        | Found Wudei's Food Boutique.
  2730 | D        | Found Iffysopo's Antique Weapon Emporium.
  2731 | D        | Reached skill level 11 in Unarmed Combat
  2818 | D        | Noticed the 27-headed Lernaean hydra
  2820 | D        | Killed the 27-headed Lernaean hydra
  2820 | D        | Reached skill level 13 in Fighting
  2820 | D        | Reached skill level 15 in Hexes
  2825 | D        | Got a decaying rune of Zot
  2938 | D        | Reached skill level 12 in Unarmed Combat
  2939 | D        | Reached skill level 16 in Hexes
  2992 | D        | Noticed a kraken
  3128 | D        | Killed a kraken
  3128 | D        | Reached skill level 14 in Fighting
  3252 | D        | Found Ashuga Etuo's Gadget Boutique.
  3252 | D        | Found Usteaff's Antique Weapon Shop.
  3252 | D        | Found Naaqaan's Magic Scroll Emporium.
  3256 | D        | Got a barnacled rune of Zot
  3375 | D        | Noticed a deep elf demonologist
  3379 | D        | Noticed a deep elf annihilator
  3388 | D        | Reached skill level 17 in Hexes
  3394 | D        | Reached skill level 13 in Unarmed Combat
  3846 | D        | HP: 8/79 [yaktaur captain/bolt (42)]
  4258 | D        | Reached skill level 15 in Fighting
  4258 | D        | Reached skill level 18 in Hexes
  4258 | D        | Reached XP level 14. HP: 86/86 MP: 26/33
  4321 | D        | Reached skill level 14 in Unarmed Combat
  4327 | D        | Got a faintly glowing rapier
  4327 | D        | Got a jewelled rapier
  4335 | D        | Identified the +8 rapier "Undertaker" {elec, Int+3} (You found it in the Dungeon)
  4336 | D        | Identified the +0 rapier of Abuse {drain, rC++ rN+} (You found it in the Dungeon)
  4412 | D        | Gained mutation: You are frail. (-10% HP) [a shining eye]
  4441 | D        | Reached skill level 18 in Dodging
  4529 | D        | Noticed Chuck
  4531 | D        | Killed Chuck
  4531 | D        | Reached skill level 19 in Hexes
  4584 | D        | Noticed Sojobo
  4678 | D        | HP: 10/115 [Sojobo (26)]
  4680 | D        | HP: 1/115 [air elemental[Sojobo] (9)]
  4680 | D        | Mangled by Sojobo

Vault maps used:
D:        dungeon_sprint_mu

Skill      XL: |  1  2  3  4  5  6  7  8  9 10 11 12 13 14 |
---------------+-------------------------------------------+-----
Spellcasting   | 3 5 6 8 9 10 11 14 | 14.6
Fighting       | 1 3 5 6 7 8 10 12 15 | 15.8
Short Blades   | 2 4 5 7 8 9 10 | 10.8
Dodging        | 4 6 7 9 10 12 13 16 17 18 | 18.8
Stealth        | 5 6 7 8 10 11 13 14 19 23 25 | 25.1
Hexes          | 4 5 6 8 9 11 12 13 18 19 | 19.2
Transmutations | 9 |  9.9
Unarmed Combat | 7 10 13 14 | 14.5

Action                   |  1- 3 |  4- 6 |  7- 9 | 10-12 | 13-15 || total
-------------------------+-------+-------+-------+-------+-------++-------
Melee: Dagger            |    18 |    22 |    37 |    73 |    93 ||   243
       Unarmed           |       |       |       |    28 |    33 ||    61
       Punch             |       |       |       |       |     4 ||     4
       Rapier            |       |       |       |       |    12 ||    12
 Cast: Ensorcelled Hiber |     4 |       |    31 |    45 |    23 ||   103
       Confuse           |     1 |     5 |     1 |    19 |    14 ||    40
       Dazzling Spray    |       |       |       |     1 |     1 ||     2
       Blade Hands       |       |       |       |     1 |     5 ||     6
       Animate Skeleton  |       |       |       |       |     3 ||     3
       Apportation       |       |       |       |       |     4 ||     4
       Tukima's Dance    |       |       |       |       |     2 ||     2
Invok: Shadow Step       |       |       |     1 |    15 |    15 ||    31
  Use: Potion            |       |       |     1 |       |     5 ||     6
       Scroll            |       |       |       |     5 |     2 ||     7
 Stab: Sleeping          |     4 |       |    23 |    60 |    53 ||   140
       Confused          |     1 |     5 |     1 |     1 |     6 ||    14
  Eat: Royal jelly       |       |       |       |     1 |     1 ||     2
Armor: Robe              |     2 |       |       |     2 |     6 ||    10
Dodge: Dodged            |     9 |     6 |    22 |    91 |    75 ||   203

Vault maps used:
D:        dungeon_sprint_mu

Table legend:
 A = Turns spent in this place as a percentage of turns spent in the entire game.
 B = Non-inter-level travel turns spent in this place as a percentage of non-inter-level travel turns spent in the entire game.
 C = Inter-level travel turns spent in this place as a percentage of turns spent in this place.
 D = Turns resting spent in this place as a percentage of non-inter-level travel turns spent in this place.
 E = Turns spent auto-exploring this place as a percentage of non-inter-level travel turns spent in this place.
 F = Non-inter-level travel turns spent in this place divided by the number of levels of this place that you've seen.
                   A       B       C       D       E      F
               +-------+-------+-------+-------+-------+----------------------
         Total | 100.0 | 100.0 |   0.3 |   6.5 |   0.0 | 1947.0
       Dungeon | 100.0 | 100.0 |   0.3 |   6.5 |   0.0 | 1947.0
               +-------+-------+-------+-------+-------+----------------------

Table legend:
 A = Kills in this place as a percentage of kills in entire the game.
 B = Kills by you in this place as a percentage of kills by you in the entire game.
 C = Kills by friends in this place as a percentage of kills by friends in the entire game.
 D = Other kills in this place as a percentage of other kills in the entire game.
 E = Experience gained in this place as a percentage of experience gained in the entire game.
 F = Experience gained in this place divided by the number of levels of this place that you have seen.
                   A       B       C       D       E      F
               +-------+-------+-------+-------+-------+----------------------
         Total | 100.0 | 100.0 |  -nan | 100.0 | 100.0 | 77932.0
       Dungeon | 100.0 | 100.0 |  -nan | 100.0 | 100.0 | 77932.0
               +-------+-------+-------+-------+-------+----------------------
